 Dungeon Crawl Stone Soup version 0.25.1-8-g42b30a86e7 (webtiles) character file.

Game seed: 18332460053029543606

74 Destapler the Skirmisher (level 4, -2/40 HPs)
             Began as a Hill Orc Abyssal Knight on Dec 5, 2020.
             Was a Believer of Lugonu.
             Slain by a hound (5 damage)
             ... on level 2 of the Dungeon.
             The game lasted 00:03:32 (1729 turns).

Destapler the Skirmisher (Hill Orc Abyssal Knight)  Turns: 1729, Time: 00:03:32

Health: -2/40      AC:  4    Str: 14    XL:     4   Next: 28%
Magic:  5/6        EV: 11    Int: 13    God:    Lugonu [**....]
Gold:   121        SH:  0    Dex: 10    Spells: 3/3 levels left

rFire    . . .     SeeInvis .   a - +1 hand axe
rCold    . . .     Gourm    .   (no shield)
rNeg     . . .     Faith    .   b - +0 leather armour
rPois    .         Spirit   .   (no helmet)
rElec    .         Reflect  .   k - +0 cloak
rCorr    .         Harm     .   (no gloves)
MR       .....                  (no boots)
Stlth    +.........             (no amulet)
HPRegen  0.13/turn              (no ring)
MPRegen  0.10/turn              (no ring)

@: no status effects
A: no striking features
a: Depart the Abyss, Bend Space, Renounce Religion


You were on level 2 of the Dungeon.
You worshipped Lugonu.
Lugonu was pleased with you.
You were not hungry.

You visited 1 branch of the dungeon, and saw 2 of its levels.
You visited the Abyss 1 time.

You collected 121 gold pieces.

Inventory:

Hand Weapons
 a - a +1 hand axe (weapon)
Missiles
 e - 3 boomerangs (quivered)
Armour
 b - a +0 leather armour (worn)
 k - a +0 cloak (worn)
Jewellery
 j - an uncursed amulet of reflection {unknown}
Scrolls
 d - a scroll of amnesia {unknown}
 f - a scroll of blinking {unknown}
 h - 3 scrolls of teleportation {unknown}
 i - a scroll of identify {unknown}
 l - a scroll of enchant armour {unknown}
Potions
 g - 2 potions of curing {unknown}
Comestibles
 c - 4 rations


   Skills:
 + Level 4.2 Fighting
 + Level 3.7 Axes
 + Level 3.1 Armour
 - Level 0.8 Dodging
 + Level 3.5 Invocations


You had 3 spell levels left.
You didn't know any spells.
Your spell library was empty.

Dungeon Overview and Level Annotations

Branches:
Dungeon (2/15)

Altars:


Message History

Space bends around you!
You blink.
No other missiles available.
Use F to throw any item.
No other missiles available.
Use F to throw any item.
Throwing (i - inventory)
e - 3 boomerangs (quivered)
Press: ? - help, Shift-Dir - straight line, f - hound
Aim: a hound (severely wounded)
You throw a boomerang.
The boomerang hits the hound but does no damage.
The hound is severely wounded.
The hound bites you but does no damage.
You are too injured to fight recklessly!
You are too injured to fight recklessly!
You are too injured to fight recklessly!
You hit the hound.
The hound is almost dead.
The hound barely misses you. x2
You hit the hound.
The hound is almost dead.
The hound misses you. The hound bites you.
You die...

### #.........# #...# #
#..)......#######...#
#.........'.....'...#
#....(....#######...#.......
#.....((..##### #...#.......
######....)...# #...#.......
#........# #...#.......
#........# #####.......
#.....@h.#######.......
#........'.....#†......
#..>.....#####%..†.$...
##+####### #..†...$..
#..<...... #.........
#!........ #.........
#.........


You could see a hound.

Vanquished Creatures
  3 adders (D:2)
  A worm (D:2)
  A leopard gecko (D:1)
  3 ball pythons
  6 bats
  3 giant cockroaches
  6 goblins
  2 hobgoblins (D:1)
  4 jackals
  6 frilled lizards
  3 kobolds (D:2)
  6 rats
44 creatures vanquished.

Notes
Turn   | Place    | Note
-------+----------+-------------------------------------------
     0 | Abyss:1  | Destapler the Hill Orc Abyssal Knight began the quest for
                  | the Orb.
     0 | Abyss:1  | Reached XP level 1. HP: 19/19 MP: 2/2
    12 | D:1      | Escaped the Abyss
   283 | D:1      | Reached XP level 2. HP: 25/27 MP: 4/4
   799 | D:1      | Reached ** piety under Lugonu
   851 | D:1      | Reached skill level 4 in Fighting
   872 | D:1      | Reached XP level 3. HP: 32/33 MP: 5/5
  1451 | D:2      | Reached XP level 4. HP: 39/40 MP: 6/6
  1729 | D:2      | Slain by a hound

Illustrated notes

Levels and vault maps discovered:
D:1:      wander_arrival_desolate, layout_loops_ring
D:2:      minmay_evil_eye, layout_basic, first_ration

Skill      XL: |  1  2  3 |
---------------+----------+-----
Axes           | 3 |  3.7
Invocations    | 3 |  3.5
Fighting       | 4 |  4.2
Armour         | 3 |  3.1
Dodging        | |  0.8

Action                   |  1- 3 |  4- 6 || total
-------------------------+-------+-------++-------
Melee: Hand axe          |   104 |    31 ||   135
Throw: Boomerang         |     7 |     1 ||     8
Invok: Bend Space        |       |     1 ||     1
  Eat: Chunk             |     2 |     1 ||     3
Armor: Leather armour    |    52 |     9 ||    61
Dodge: Dodged            |    71 |    30 ||   101
